Unix NetHack Version 5.0.0-0 post-release - last build May  4 2026 22:22:43 (774f63e81ad911689b3a0859ea89b322d5daca8d,branch:main).

Game began 2026-05-10 15:08:12, ended 2026-05-10 15:57:01.

Hellbent, lawful female dwarven Valkyrie

  ----                                       ----                        ----
  |..---    ---              ---             |..-----------              |..|
  |....|   --.---         ----.---         ---....).)...|.------         |..|
  |.--.|   |....---       |......---      --....-----).....|...|         |..|
  |.||.--- --.....|----  --........|     --..----   -.)........-----    --.--
  |.-|...---|.....--..-- |.........|    --..-        .............^|  ---..|
  |..|--...--..........| |........--    |..-          ..).    .....| --...-
  --.| ---.%..........-- ---...[.---    |.--           ...     ...----..---
   |*------......--`---  ---...|...---- |.|                    .........--
   -....---...-------   --....----....| |.|                  ..- --......|
    .....|...%[--       |.....|  ----.| -.--                 |.------...--
     ........-).--      --....---   |.|....|                 |...|--|*---  ---
      -.-..  .|..|      --......|   |......|                 ---.--.|.------.|
      |..-.   --.--    --.......--  --...---                   |.........|...|
      --....   |.<|    |.........--- ----                      ---...|.......--
       --...   |-.------...........|                             --"-|........|
       --@..   |..........*......*.--                             ---|.......--
       |@b%.   |...---------........|                                |.......|
       |.@.-   --.--       --.......|                                .|......|
       --Y.|    ---         --.--.---                                 ---.----
        ----                 ------                                     ---
Hellbent the Skirmisher     St:15 Dx:14 Co:20 In:8 Wi:8 Ch:9  Lawful
Dlvl:7  $:26 HP:0(59) Pw:9(9) AC:-3 Xp:5 T:3616 

Latest messages:
 The yellow potion misses the Woodland-elf.
 The phial crashes on your head and breaks into shards.
 The yellow potion evaporates.
 This burns!
 Call a yellow potion: acid
 The Woodland-elf wields an elven bow!
 You hit the Woodland-elf!
 The Woodland-elf thrusts her elven spear.
 The Woodland-elf hits!
 The Woodland-elf wields a rotted elven short sword!
 You miss the Woodland-elf.
 The Woodland-elf thrusts her elven spear.
 The Woodland-elf misses!
 The Woodland-elf wields an elven bow!
 You hit the Woodland-elf!
 The Woodland-elf thrusts her elven spear.
 The Woodland-elf just misses!
 The Woodland-elf wields a rotted elven short sword!
 You kill the Woodland-elf!
 You hit the Woodland-elf.
 The Woodland-elf thrusts his elven short sword.
 The Woodland-elf hits!
 You miss the Woodland-elf.
 The Woodland-elf thrusts his elven short sword.
 The Woodland-elf misses!
 The Woodland-elf thrusts her elven dagger.
 The Woodland-elf hits!
 You miss the Woodland-elf.
 The Woodland-elf thrusts his elven short sword.
 The Woodland-elf hits!
 The Woodland-elf thrusts her elven dagger.
 The Woodland-elf hits!
 A monkey suddenly appears close by!
 You miss the Woodland-elf.
 The Woodland-elf thrusts his elven short sword.
 The Woodland-elf hits!
 The Woodland-elf thrusts her elven dagger.
 The Woodland-elf hits!
 What do you want to read? [GI or ?*] G
 As you read the scroll, it disappears.
 You forget some of your training in spear.
 Who was that Maud person anyway?
 The Woodland-elf thrusts his elven short sword.
 The Woodland-elf hits!
 You die...
 Do you want your possessions identified? [ynq] (y) y
 Do you want to see your attributes? [ynq] (y) n
 Do you want an account of creatures vanquished? [ynaq] (y) n
 Do you want to see your conduct and achievements? [ynq] (y) n
 Do you want to see the dungeon overview? [ynq] (y) n

Inventory:
 Coins    ('$')
  $ - 26 gold pieces
 Weapons  (')')
  f - 3 poisoned +0 shuriken
  b - 7 +0 daggers named golden potion=full_heal (at the ready)
  a - a +1 dwarvish spear (weapon in right hand)
  t - a +0 orcish dagger
 Armor    ('[')
  H - an uncursed +0 orcish helm
  c - an uncursed +3 small shield (being worn)
  z - an uncursed +3 bronze plate mail (being worn)
 Comestibles  ('%')
  d - 4 uncursed food rations
 Scrolls  ('?')
  I - an uncursed scroll of destroy armor
 Wands    ('/')
  C - a wand of digging (0:3)
  x - a wand of undead turning (0:1)
 Tools    ('(')
  p - an uncursed bag of holding containing 13 items

Contents of the bag of holding:
  61 gold pieces
  an uncursed tripe ration
  an uncursed scroll of amnesia
  an uncursed scroll of create monster
  an uncursed scroll of identify
  an uncursed scroll of light
  an uncursed spellbook of healing
  an uncursed spellbook of magic missile
  an uncursed potion of blindness
  an uncursed potion of gain energy
  2 uncursed potions of healing
  a cursed potion of paralysis
  an uncursed potion of speed

Hellbent the Valkyrie's attributes:

Background:
 You were a Skirmisher, a level 5 dwarven Valkyrie.
 You were lawful, on a mission for Tyr
 who was opposed by Odin (neutral) and Loki (chaotic).
 You were right-handed.
 You were in the Gnomish Mines, on level 7.
 You entered the dungeon 3616 turns ago.
 You had 297 experience points, 23 more were needed to attain level 6.

Basics:
 You had 0 out of 59 hit points.
 You had all 9 energy points (spell power).
 Your armor class was -3.
 Your wallet contained 26 zorkmids, and
 you had 61 more stashed away in your pack.
 Autopickup was off.

Final Characteristics:
 Your strength was 15 (limit:18/100).
 Your dexterity was 14 (limit:20).
 Your constitution was 20 (limit:20).
 Your intelligence was 8 (limit:16).
 Your wisdom was 8 (peak:9, limit:16).
 Your charisma was 9 (limit:16).

Final Status:
 You weren't hungry.
 You were unencumbered.
 You were wielding a spear.
 You had basic skill with spear.

Final Attributes:
 You were piously aligned.
 You were cold resistant.
 You were poison resistant.
 You were telepathic.
 You had infravision.
 You were stealthy.
 You were warded.
 Tyr was angry with you.
 You are dead.

Miscellaneous:
 You didn't encounter any bones levels.
 Total elapsed playing time was 39 minutes and 39 seconds.

Major events:
 Turn
    1: Hellbent the lawful dwarven Valkyrie entered the dungeon
 1032: entered the Gnomish Mines
 1382: attained the rank of Skirmisher (level 3)
 3616: killed by a Woodland-elf

You didn't know any spells.

Skills:
 Fighting Skills
   bare handed combat [Unskilled]
   two weapon combat  [Unskilled]
   riding             [Unskilled]
 Weapon Skills
   dagger             [Basic]
   axe                [Unskilled]
   pick-axe           [Unskilled]
   short sword        [Unskilled]
   broadsword         [Unskilled]
   long sword         [Unskilled]
   two-handed sword   [Unskilled]
   saber              [Unskilled]
   hammer             [Unskilled]
   quarterstaff       [Unskilled]
   polearms           [Unskilled]
   spear              [Basic]
   trident            [Unskilled]
   lance              [Unskilled]
   sling              [Unskilled]
 Spellcasting Skills
   attack spells      [Unskilled]
   escape spells      [Unskilled]

Voluntary challenges:
 Character rerolling was not enabled.
 You never genocided any monsters.
 You never polymorphed an object.
 You never changed form.
 You used no wishes.
Achievements:
 You entered the Gnomish Mines.
 You attained the rank of Skirmisher.
 You entered a shop.

 The Dungeons of Doom: levels 1 to 5
    Level 1:
       A fountain.
    Level 2:
    Level 3:
       A fountain.
    Level 4:
       Stairs down to The Gnomish Mines.
    Level 5:
       A food shop.
 The Gnomish Mines: levels 5 to 7
    Level 5:
    Level 6:
    Level 7: <- You were here.
       Final resting place for
          you, killed by a Woodland-elf.


Vanquished creatures:
  a small mimic
  a large cat
  2 Woodland-elves
 an imp
  5 Uruk-hai
  a pony
  a fog cloud
  a shrieker
  a violet fungus
  a gnome leader
  a paper golem
  a little dog
  2 floating eyes
  a rothe
  a centipede
  a wererat
  4 hobbits
  2 manes
  3 cave spiders
  a yellow mold
 13 gnomes
  2 garter snakes
  4 geckos
  7 jackals
  a kobold
  2 goblins
  3 sewer rats
  2 grid bugs
  5 lichens
  a newt
72 creatures vanquished.

No species were genocided or became extinct.

Game over:
                       ----------
                      /          \
                     /    REST    \
                    /      IN      \
                   /     PEACE      \
                  /                  \
                  |     Hellbent     |
                  |      87 Au       |
                  |   killed by a    |
                  |   Woodland-elf   |
                  |                  |
                  |                  |
                  |       2026       |
                 *|     *  *  *      | *
        _________)/\\_//(\/(/\)/\//\/|_)_______

Farvel Hellbent the Valkyrie...

You died in The Gnomish Mines on dungeon level 7 with 1907 points,
and 87 pieces of gold, after 3616 moves.
You were level 5 with a maximum of 59 hit points when you died.

